 Dungeon Crawl Stone Soup version 0.22-a0-538-g76cc104 (webtiles) character file.

59741 opiumtea the Prestidigitator (level 14, -15/127 HPs)
             Began as a Hill Orc Monk on June 22, 2018.
             Was a High Priest of Beogh.
             Demolished by a two-headed ogre
             ... wielding a +0 giant club
              (18 damage)
             ... on level 1 of the Orcish Mines on June 23, 2018.
             The game lasted 03:03:53 (39931 turns).

opiumtea the Prestidigitator (Hill Orc Monk)       Turns: 39931, Time: 03:03:54

Health: -15/127    AC: 19    Str: 19    XL:     14   Next: 96%
Magic:  24/24      EV:  7    Int: 18    God:    Beogh [*****.]
Gold:   3606       SH:  0    Dex: 21    Spells: 13/13 levels left

rFire    . . .     SeeInvis +   H - +1 halberd "Zehacast" {freeze, -Tele rElec Str+4 Int+8}
rCold    + . .     Gourm    .   (shield currently unavailable)
rNeg     . . .     Faith    .   E - +0 plate armour
rPois    +         Spirit   .   b - +2 hat {SInv}
rElec    +         Reflect  .   s - +0 cloak {rPois}
rCorr    .         Harm     .   (no gloves)
MR       +....     NoTele   +   j - +1 pair of boots
Stlth    ..........             (no amulet)
HPRegen  0.31/turn              y - ring of protection from cold
MPRegen  0.19/turn              a - ring of Yzoona {rPois Dex+4}

@: no status effects
A: walk on water
a: Smiting, Recall Orcish Followers, Give Item to Named Follower, Renounce
Religion


You were on level 1 of the Orcish Mines.
You worshipped Beogh.
Beogh was extremely pleased with you.
You were not hungry.

You visited 3 branches of the dungeon, and saw 21 of its levels.
You also visited: Ossuary and Ice Cave.

You collected 3606 gold pieces.

Inventory:

Hand Weapons
 g - a +1 spear of venom
 B - a +0 war axe
 H - the +1 halberd "Zehacast" (weapon) {freeze, -Tele rElec Str+4 Int+8}
   (You found it on level 8 of the Dungeon)

   It has been specially enchanted to freeze those struck by it, causing extra
   injury to most foes and up to half again as much damage against particularly
   susceptible opponents.
   It can also slow down cold-blooded creatures.
   It affects your strength (+4).
   It affects your intelligence (+8).
   It insulates you from electricity.
   It prevents most forms of teleportation.
 W - the cursed +1 halberd of Ymod {freeze, rC+}
   (You found it on level 8 of the Dungeon)

   It has been specially enchanted to freeze those struck by it, causing extra
   injury to most foes and up to half again as much damage against particularly
   susceptible opponents.
   It can also slow down cold-blooded creatures.
   It protects you from cold.
   It has a curse placed upon it.
Missiles
 d - 538 stones (quivered)
Armour
 b - a +2 hat of see invisible (worn)
 j - a +1 pair of boots (worn)
 l - a +0 shield
 s - a +0 cloak of poison resistance (worn)
 E - a +0 plate armour (worn)
 F - a cursed +0 ring mail
 J - a +0 buckler
Magical Staves
 r - an uncursed staff of cold {unknown}
Jewellery
 a - the ring of Yzoona (right hand) {rPois Dex+4}
   (You acquired it on level 9 of the Dungeon)

   [ring of poison resistance]

   It affects your dexterity (+4).
   It protects you from poison.
 y - a ring of protection from cold (left hand)
 C - a +2 ring of protection
Wands
 i - a wand of acid (1)
 v - a wand of digging (10)
 x - a wand of paralysis (34)
Scrolls
 e - 4 scrolls of teleportation
 q - a scroll of amnesia
 t - 10 scrolls of remove curse
 A - 5 scrolls of fog
 D - a scroll of silence
 N - a scroll of fear
 P - a scroll of blinking
 U - a scroll of summoning {unknown}
 V - a scroll of enchant weapon
Potions
 f - 5 potions of curing
 h - 2 potions of cancellation
 k - 3 potions of magic
 o - 2 potions of agility
 p - 5 potions of brilliance
 u - 2 potions of resistance
 w - a potion of might
 G - a potion of flight
 I - 2 potions of invisibility
 K - 2 potions of berserk rage
 M - a potion of heal wounds
 O - 2 potions of haste
Miscellaneous
 m - a lightning rod (4/4)
 n - a lamp of fire
 Q - a sack of spiders
Comestibles
 c - 15 rations


   Skills:
 - Level 12.7 Fighting
 - Level 8.7(13.3) Axes
 + Level 13.7(14.3) Polearms
 - Level 8.0 Armour
 - Level 2.6 Dodging
 - Level 2.0 Stealth
 - Level 8.0 Shields
 - Level 9.0 Invocations
 - Level 14.1 Evocations


You had 13 spell levels left.
You didn't know any spells.
Your spell library contained the following spells:

 Spells                   Type           Power        Failure   Level  Hunger
 Magic Dart               Conj           #...         99%         1    ##.....
 Apportation              Tloc           #.....       99%         1    ##.....
 Lightning Bolt           Conj/Air       #.........   100%        5    ######.
 Bolt of Magma            Conj/Fire/Erth #.........   100%        5    ######.
 Confuse                  Hex            #.......     100%        3    ####...
 Invisibility             Hex            #.......     100%        6    #######
 Venom Bolt               Conj/Pois      #.........   100%        5    ######.
 Iskenderun's Mystic Bla  Conj           #.......     100%        4    #####..
 Tukima's Dance           Hex            #.......     100%        3    ####...
 Iron Shot                Conj/Erth      #.........   100%        6    #######
 Confusing Touch          Hex            #.....       99%         1    ##.....
 Metabolic Englaciation   Hex/Ice        #.........   100%        5    ######.
 Summon Butterflies       Summ           #.......     99%         1    ##.....
 Shatter                  Erth           #.........   100%        9    #######
 Static Discharge         Conj/Air       #.......     100%        3    ####...
 Alistair's Intoxication  Tmut/Pois      #.......     100%        5    ######.
 Petrify                  Tmut/Erth      #.......     100%        4    #####..
 Orb of Destruction       Conj           #.........   100%        7    #######
 Tornado                  Air            #.........   100%        9    #######
 Iskenderun's Battlesphe  Conj/Chrm      #.......     100%        5    ######.
 Fulminant Prism          Conj/Hex       #.........   100%        4    #####..
 Dazzling Spray           Conj/Hex       #.....       100%        3    ####...
 Force Lance              Conj/Tloc      #.......     100%        4    #####..
 Searing Ray              Conj           #.....       100%        2    ###....
 Spellforged Servitor     Conj/Summ      #.........   100%        7    #######
 Gell's Gravitas          Tloc           #.........   100%        3    ####...
 Yara's Violent Unravell  Hex/Tmut       #.........   100%        5    ######.
 Lesser Beckoning         Tloc           #.........   100%        3    ####...
 Ignition                 Fire           #.........   100%        8    #######


Dungeon Overview and Level Annotations

Branches:
Dungeon (13/15)            Temple (0/1) D:7            Lair (6/6) D:9
  Swamp (0/4) Lair:4        Snake (0/4) Lair:3        Slime (0/5) Lair:6
    Orc (2/2) D:9
    Elf: Orc:2       Vaults: D:13-14

Altars:
Ashenzari
Dithmenos
Elyvilon
Fedhas
Gozag
Hepliaklqana
Kikubaaqudgha
Makhleb
Qazlal
Ru
Sif Muna
Trog
Uskayaw
Vehumet
Wu Jian
Xom
Beogh

Annotations:
D:2 Sigmund
D:9 1 exclusion
Lair:1 exclusions: oklob plant and 2 more exclusions
Lair:5 3 runed doors, exclusion: 3 oklob plants, Fifopumei's ghost, journeyman MiBe
Lair:6 Urug


Message History

The two-headed ogre hits Harm with a giant club!
Harm dies!
You slice the ogre!! You freeze the ogre.
You kill the ogre!
Beogh accepts your kill.
You are too injured to fight recklessly!
Attack whom?
Press: ? - help, Dir - move target cursor, f/p - two-headed ogre
Aim: a two-headed ogre, wielding two giant clubs (lightly wounded)
You reach to attack!
You barely miss the two-headed ogre.
The two-headed ogre is lightly wounded.
Attack whom?
Press: ? - help, Dir - move target cursor, f/p - two-headed ogre
Aim: a two-headed ogre, wielding two giant clubs (lightly wounded)
You closely miss the two-headed ogre.
The two-headed ogre is lightly wounded.
The two-headed ogre hits you with a giant club!!
* * * LOW HITPOINT WARNING * * *
The two-headed ogre hits you with a giant club!!
You die...

.# ##*###.......#...# ##
##.##.#..........#*## #
#................##.## #
##**#.#.................# ##
###.#*##......O.#........##**
.#*#....##...).....#........##.**
.#*....#....>.....##...........,*
.#*#............####...........**
.# *#.##........@.#O.........##*
## #**##........O#.........##
##.................## ######
#####..........#.## #....#
#..........#### ##....####
##.......### .......#.#
#........###### .......#.##
##........#.##.##
.....>....###.........#.#...#


You could see a two-headed ogre.

Vanquished Creatures
  Gastronok (D:9)
  4 hydras
  Josephine (Lair:4)
  A catoblepas (Lair:6)
  A centaur warrior (D:8)
  A tengu warrior (D:13)
  2 two-headed ogres
  5 death yaks
  4 skeletal warriors (D:9)
  2 unseen horrors (D:11)
  A faun (Lair:5)
  4 elephants (Lair:5)
  A cyclops (D:8)
  Maurice (D:10)
  6 black mambas
  A gargoyle (D:11)
  2 ice statues (IceCv)
  8 spiny frogs
  4 rime drakes
  7 komodo dragons
  2 ice devils (Orc:1)
  A polar bear (Lair:6)
  3 trolls
  A bog body (Lair:4)
  15 blink frogs
  8 hippogriffs
  34 yaks
  5 wraiths
  A basilisk (Lair:5)
  Menkaure (D:7)
  A vampire mosquito (D:8)
  A swamp worm (Lair:4)
  3 nagas (Lair:3)
  Edmund (D:6)
  8 water moccasins
  6 porcupines
  A black bear (D:11)
  3 sky beasts
  An eye of draining (D:9)
  16 ice beasts
  2 phantoms
  6 orc warriors
  11 ogres
  19 wolves
  5 centaurs
  10 crocodiles
  A big kobold (D:9)
  12 bullfrogs
  3 scorpions
  6 killer bees
  8 wights
  2 howler monkeys
  3 crimson imps
  3 bullfrog zombies
  2 quasits
  5 centaur zombies
  3 human zombies (Ossuary)
  10 hounds
  8 orc priests
  4 jellies
  8 orc wizards
  Jessica (D:2)
  13 worker ants
  A big kobold zombie (Ossuary)
  2 mummies (Ossuary)
  A hound zombie (D:9)
  5 adders
  A shadow imp (D:11)
  2 oozes
  An adder zombie (D:9)
  2 worms
  7 leopard geckos
  52 orcs
  6 ball pythons
  6 bats
  4 giant cockroaches
  4 goblins
  A hobgoblin (D:1)
  11 jackals
  5 quokkas
  4 frilled lizards
  2 goblin zombies (Ossuary)
  14 hobgoblin zombies (Ossuary)
  2 jackal skeletons
  A jackal zombie (Ossuary)
  10 kobolds
  7 kobold zombies (Ossuary)
  2 leopard gecko zombies
  7 orc zombies (Ossuary)
  4 rats
  A fungus (D:3)
479 creatures vanquished.

Vanquished Creatures (collateral kills)
  Kirke (Lair:4)
  2 stone giants
  2 ogre magi (Orc:2)
  2 catoblepae (Lair:6)
  3 death yaks
  A two-headed ogre (Orc:2)
  A skeletal warrior (D:9)
  A manticore (Lair:6)
  2 cyclopes (D:12)
  An elephant (Lair:5)
  A centaur zombie (D:12)
  A black mamba (Lair:4)
  2 spiny frogs
  2 komodo dragons
  4 trolls
  A polar bear (Lair:5)
  2 hippogriffs
  A blink frog (Lair:6)
  A wyvern (Lair:4)
  A hog (Lair:4)
  A basilisk (Lair:5)
  16 yaks
  2 wargs (Orc:1)
  2 orc warriors (Orc:1)
  A sky beast (D:11)
  10 ogres (Orc:2)
  A phantom (D:11)
  9 wolves (Lair:5)
  4 crocodiles
  A killer bee (D:11)
  An electric eel (Lair:4)
  2 orc priests
  A worker ant (D:11)
  A shadow imp (D:10)
  3 orcs
  A plant (Lair:6)
88 creatures vanquished.

Vanquished Creatures (others)
  Urug (Lair:6)
  An orc warrior (Orc:2)
  3 orc knights
  A tengu conjurer (D:13)
  3 orc wizards
  An orc priest (D:6)
  A shadow imp (D:6)
  13 orcs
  5 fungi
  8 plants
37 creatures vanquished.

Grand Total: 604 creatures vanquished

Notes
Turn   | Place    | Note
-------+----------+-------------------------------------------
     0 | D:1      | opiumtea the Hill Orc Monk began the quest for the Orb.
     0 | D:1      | Reached XP level 1. HP: 19/19 MP: 1/1
   316 | D:1      | Reached XP level 2. HP: 27/27 MP: 2/2
  1051 | D:2      | Reached XP level 3. HP: 34/34 MP: 3/3
  1515 | D:2      | Noticed Jessica
  1524 | D:2      | Killed Jessica
  1524 | D:2      | Reached skill level 5 in Fighting
  1524 | D:2      | Reached XP level 4. HP: 31/42 MP: 4/4
  1602 | D:2      | Noticed Sigmund
  2545 | D:3      | Found an opulent altar of Gozag.
  2762 | D:3      | Found a sacrificial altar of Ru.
  2924 | D:3      | Found a bloodstained altar of Trog.
  3249 | D:3      | Reached XP level 5. HP: 32/51 MP: 5/5
  3846 | D:4      | Found a white marble altar of Elyvilon.
  3848 | D:4      | Found a shimmering altar of Xom.
  4937 | D:5      | Entered Level 5 of the Dungeon
  4937 | D:5      | Noticed an ogre
  4966 | D:4      | Reached skill level 5 in Axes
  4966 | D:4      | Reached XP level 6. HP: 41/60 MP: 6/6
  5125 | D:5      | Found a white marble altar of Elyvilon.
  5449 | D:5      | Reached XP level 7. HP: 48/66 MP: 7/7
  5509 | D:5      | Found a sand-covered staircase.
  5513 | Ossuary  | Entered an ossuary
  7045 | D:5      | Reached XP level 8. HP: 56/73 MP: 8/8
  7169 | D:6      | Became a worshipper of Beogh the Brigand
  7169 | D:6      | Reached * piety under Beogh
  7169 | D:6      | Reached ** piety under Beogh
  7638 | D:6      | Reached skill level 5 in Shields
  7747 | D:6      | Noticed Edmund
  7767 | D:6      | Killed Edmund
  8423 | D:5      | Reached skill level 1 in Invocations
  8434 | D:5      | Reached XP level 9. HP: 46/79 MP: 6/10
  8903 | D:6      | Found a blossoming altar of Fedhas.
  8904 | D:6      | Found a burning altar of Makhleb.
  8955 | D:6      | Reached skill level 5 in Invocations
  9808 | D:7      | Found an ancient bone altar of Kikubaaqudgha.
  9816 | D:7      | Found a staircase to the Ecumenical Temple.
  9874 | D:6      | HP: 3/79 [poisoned by a killer bee]
 10152 | D:7      | Noticed Menkaure
 10159 | D:7      | Killed Menkaure
 10637 | D:7      | Found a hide-covered altar of Uskayaw.
 10653 | D:7      | Reached skill level 1 in Armour
 11090 | D:7      | Found an ornate altar of the Wu Jian Council.
 11224 | D:7      | Found a hazy altar of Hepliaklqana.
 11647 | D:8      | Noticed a cyclops
 11651 | D:8      | Noticed a centaur warrior
 11966 | D:8      | Identified 2 scrolls of acquirement
 12039 | D:8      | Found a stormy altar of Qazlal.
 12039 | D:8      | Found a shattered altar of Ashenzari.
 12130 | D:8      | HP: 1/79 [centaur warrior/arrow (20)]
 12488 | D:8      | Reached skill level 5 in Armour
 12488 | D:8      | Reached XP level 10. HP: 63/86 MP: 16/16
 12535 | D:8      | Killed a centaur warrior
 12774 | D:8      | Got a translucent halberd
 12777 | D:8      | Got a pitted halberd
 12786 | D:8      | Identified the +1 halberd "Zehacast" {freeze, -Tele rElec Str+4 Int+8} (You found it on level 8 of the Dungeon)
 12787 | D:8      | Identified the cursed +1 halberd of Ymod {freeze, rC+} (You found it on level 8 of the Dungeon)
 12984 | D:8      | Killed a cyclops
 13415 | D:9      | Got a flickering golden ring
 13417 | D:9      | Identified the ring of Yzoona {rPois Dex+4} (You acquired it on level 9 of the Dungeon)
 13891 | D:9      | Reached skill level 1 in Evocations
 14110 | D:9      | Noticed a death yak
 14110 | D:9      | Noticed a death yak
 14346 | D:9      | Found a deep blue altar of Sif Muna.
 14377 | D:9      | Noticed a death yak
 14377 | D:9      | Noticed a death yak
 14402 | D:9      | Killed a death yak
 15134 | D:8      | Reached skill level 5 in Polearms
 15262 | D:9      | Found a staircase to the Orcish Mines.
 15302 | D:9      | Noticed Gastronok
 15396 | D:9      | Noticed a death yak
 15430 | D:9      | Found a shadowy altar of Dithmenos.
 15613 | D:9      | Found a staircase to the Lair.
 15613 | D:9      | Noticed a death yak
 16039 | D:9      | Noticed a skeletal warrior
 16039 | D:9      | Noticed a skeletal warrior
 16105 | D:8      | Killed a death yak
 16105 | D:8      | Reached XP level 11. HP: 75/95 MP: 17/17
 16315 | D:9      | Noticed a death yak
 16944 | D:9      | Killed a skeletal warrior
 17188 | D:9      | Killed Gastronok
 17621 | D:9      | Killed a skeletal warrior
 17715 | D:9      | Noticed a skeletal warrior
 17896 | Lair:1   | Entered Level 1 of the Lair of Beasts
 18229 | Lair:1   | Reached skill level 10 in Polearms
 18341 | Lair:1   | Noticed an oklob plant
 18357 | Lair:1   | Reached skill level 2 in Evocations
 18752 | Lair:1   | Reached skill level 3 in Evocations
 18927 | Lair:1   | Reached skill level 4 in Evocations
 19582 | Lair:1   | HP: 4/95 [yak (8)]
 19966 | Lair:1   | Reached skill level 5 in Evocations
 20388 | Lair:1   | Noticed a six-headed hydra
 20407 | Lair:1   | Killed a six-headed hydra
 20407 | Lair:1   | Reached skill level 6 in Evocations
 20407 | Lair:1   | Reached XP level 12. HP: 103/103 MP: 18/18
 20503 | Lair:1   | Reached skill level 7 in Evocations
 22034 | Lair:2   | Reached skill level 10 in Fighting
 22110 | Lair:2   | Noticed an eight-headed hydra
 22114 | Lair:2   | Killed an eight-headed hydra
 22368 | Lair:2   | You fall through a shaft!
 23010 | Lair:3   | Noticed a six-headed hydra
 23016 | Lair:3   | Killed a seven-headed hydra
 23172 | Lair:3   | Reached *** piety under Beogh
 24261 | Lair:3   | Found a staircase to the Snake Pit.
 25489 | Lair:4   | Noticed Urug
 25780 | Lair:4   | Noticed Josephine
 25794 | Lair:4   | Killed Josephine
 25794 | Lair:4   | Reached skill level 8 in Evocations
 25794 | Lair:4   | Reached XP level 13. HP: 114/119 MP: 19/19
 26289 | Lair:4   | Reached skill level 9 in Evocations
 26510 | Lair:4   | Found a staircase to the Swamp.
 26866 | Lair:4   | Noticed Kirke
 27103 | Lair:4   | Reached skill level 10 in Evocations
 27663 | Lair:4   | Killed Kirke
 27918 | Lair:5   | Noticed Fifopumei's ghost (journeyman MiBe)
 27938 | Lair:5   | Found a runed gate.
 27938 | Lair:5   | Found a runed gate.
 27939 | Lair:5   | Found a runed gate.
 28034 | Lair:5   | Reached skill level 11 in Evocations
 28731 | Lair:5   | Reached **** piety under Beogh
 29341 | Lair:5   | You fall through a shaft!
 29341 | Lair:6   | Entered Level 6 of the Lair of Beasts
 29365 | Lair:6   | Reached skill level 12 in Evocations
 29666 | Lair:6   | Upgraded the game from 0.22-a0-533-g4d20840 to 0.22-a0-538-g76cc104
 30777 | Lair:6   | Found a staircase to the Slime Pits.
 31114 | Lair:6   | Your ally died
 31181 | Lair:5   | Reached skill level 13 in Evocations
 31743 | Lair:6   | Reached XP level 14. HP: 122/127 MP: 23/23
 32879 | D:10     | Entered Level 10 of the Dungeon
 33599 | D:10     | Noticed Maurice
 33604 | D:10     | Killed Maurice
 33604 | D:10     | Reached skill level 14 in Evocations
 35022 | D:11     | Reached ***** piety under Beogh
 36020 | D:12     | Gained Harm as an ally
 36253 | D:12     | Found a radiant altar of Vehumet.
 37737 | Orc:1    | Entered Level 1 of the Orcish Mines
 37738 | Orc:1    | Noticed a stone giant
 37750 | Orc:1    | Killed a stone giant
 38043 | Orc:1    | Found a frozen archway.
 38105 | IceCv    | Entered an ice cave
 39390 | Orc:2    | Entered Level 2 of the Orcish Mines
 39390 | Orc:2    | Found a roughly hewn altar of Beogh.
 39487 | Orc:2    | Noticed a stone giant
 39496 | Orc:2    | Killed a stone giant
 39501 | Orc:2    | HP: 3/127 [orc priest/divine providence (9)]
 39914 | Orc:1    | Your ally Harm died
 39931 | Orc:1    | HP: 3/127 [two-headed ogre/giant club (21)]
 39931 | Orc:1    | Demolished by a two-headed ogre

Vault maps used:
D:1:      dpeg_arrival_connections
D:2:      serial_corexii_hall, corexii_hall_statues_t,
          corexii_hall_statues_deadend, uniq_sigmund, uniq_jessica,
          uniq_crazy_yiuf_cottage
D:3:      nicolae_ru_the_path_less_chosen, lightli_temple_of_fire, first_ration,
          nicolae_gozag_seed_capital
D:4:      chequers_temple_overflow_statue_of_worship, kennysheep_generic_room_5
D:5:      lightli_ossuary_entry_decrepit_ruins, elyvilon_altar_5
D:6:      gammafunk_temple_overflow_pools, minmay_misc_feat_iff, uniq_edmund
D:7:      kennysheep_mini, eat_drink_and_be_merry_uskayaw, kennysheep_mini_moat,
          minmay_temple_entry_grid, basic_altar, hangedman_decor_push,
          grunt_ogre_cave, uniq_menkaure
D:8:      enter_bailey_2, jmf_multi_god_temple
D:9:      tgw_sif, dpeg_lair_monsters, hiddenorc2_lemuel, lemuel_statue_altar,
          uniq_gastronok
D:10:     minivault_23, uniq_maurice
D:12:     basic_altar
D:13:     hangedman_vaults_entry_quadrant_bands
Lair:1:   lab_entry_generic, st_stairs_7, serial_bayou_shore_a,
          grunt_megastairs_5, minmay_lair_oklob_chamber, lemuel_fruit_fields,
          infiniplex_staircase_pool
Lair:2:   lemuel_fruit_tree
Lair:3:   minmay_snake_entry_guardpost_small, grunt_megastairs_3
Lair:4:   nicolae_swamp_entry_splash_gauntlet, uniq_kirke, uniq_josephine,
          uniq_urug
Lair:5:   dpeg_oklob_gauntlet, gammafunk_ghost_split,
          grunt_forest_large_clearings, infiniplex_staircase_pool_2
Lair:6:   evilmike_catoblepas_cave, dpeg_slime_entry_corner,
          columned_hall_lemuel
Orc:1:    portal_ice_cave_demonic_guard, serial_shops, shop
Orc:2:    st_orc_ogre_mass, basic_altar
Ossuary:  ossuary_tomb_1
IceCv:    ice_cave_small_dragons

Skill      XL: |  1  2  3  4  5  6  7  8  9 10 11 12 13 14 |
---------------+-------------------------------------------+-----
Stealth        | 2 |  2.0
Fighting       | 4 5 6 7 8 12 | 12.7
Axes           | 5 7 8 |  8.7
Shields        | 3 8 |  8.0
Invocations    | 2 9 |  9.0
Armour         | 5 8 |  8.0
Evocations     | 1 6 8 13 14 | 14.1
Polearms       | 6 10 13 | 13.7
Dodging        | |  2.6

Action                   |  1- 3 |  4- 6 |  7- 9 | 10-12 | 13-15 || total
-------------------------+-------+-------+-------+-------+-------++-------
Melee: Short sword       |    78 |   172 |       |       |       ||   250
       Hand axe          |       |   180 |   525 |       |       ||   705
       War axe           |       |       |   197 |   147 |    28 ||   372
       Halberd           |       |       |       |   602 |   801 ||  1403
Throw: Stone             |    19 |    34 |    69 |    28 |       ||   150
Invok: Smiting           |       |       |     7 |    10 |     7 ||    24
       Convert to Beogh  |       |       |     1 |       |       ||     1
       Recall Orcish Fol |       |       |       |       |     9 ||     9
       Give Item to Name |       |       |       |       |     1 ||     1
Evoke: Wand              |       |       |     4 |    13 |     6 ||    23
       Lightning rod     |       |       |       |     2 |     2 ||     4
  Use: Scroll            |     4 |    10 |     7 |    22 |     9 ||    52
       Potion            |       |       |     6 |     9 |     3 ||    18
 Stab: Sleeping          |     2 |       |       |       |       ||     2
       Distracted        |       |       |       |       |     7 ||     7
       Paralysed         |       |       |       |       |     3 ||     3
  Eat: Chunk             |     2 |    10 |     8 |    13 |    21 ||    54
       Ration            |       |     1 |     5 |     8 |     7 ||    21
Armor: Robe              |    16 |     8 |       |       |       ||    24
       Chain mail        |       |   163 |   302 |   228 |       ||   693
       Plate armour      |       |       |       |   134 |   509 ||   643
Dodge: Dodged            |    60 |   107 |   104 |   256 |   242 ||   769
Block: Shield            |       |    76 |   287 |    55 |       ||   418

Table legend:
 A = Spawn XP
 B = Non-spawn XP
 C = Spawn XP percentage of total XP
 D = Spawn monster count
 E = Non-spawn monster count
 F = Spawn count percentage of total count
 G = Total turns spent on level
                    A         B        C        D         E        F      G
               +---------+---------+-------+---------+---------+-------+---------
         Total |       0 |   85345 |   0.0 |       0 |     566 |   0.0 | 39931
               +---------+---------+-------+---------+---------+-------+---------
           D:1 |       0 |      31 |   0.0 |       0 |      17 |   0.0 |   978
           D:2 |       0 |      70 |   0.0 |       0 |      13 |   0.0 |  1103
           D:3 |       0 |      82 |   0.0 |       0 |      13 |   0.0 |  1331
           D:4 |       0 |     178 |   0.0 |       0 |      10 |   0.0 |  1718
           D:5 |       0 |     689 |   0.0 |       0 |      25 |   0.0 |  1289
           D:6 |       0 |    1830 |   0.0 |       0 |      35 |   0.0 |  2383
           D:7 |       0 |    1107 |   0.0 |       0 |      23 |   0.0 |  2694
           D:8 |       0 |    2993 |   0.0 |       0 |      16 |   0.0 |  3117
           D:9 |       0 |   10152 |   0.0 |       0 |      69 |   0.0 |  3938
          D:10 |       0 |    2184 |   0.0 |       0 |      19 |   0.0 |  1140
          D:11 |       0 |    5275 |   0.0 |       0 |      26 |   0.0 |  1239
          D:12 |       0 |    3870 |   0.0 |       0 |      21 |   0.0 |  1204
          D:13 |       0 |    1300 |   0.0 |       0 |       5 |   0.0 |   103
        Lair:1 |       0 |    5943 |   0.0 |       0 |      29 |   0.0 |  2629
        Lair:2 |       0 |    4101 |   0.0 |       0 |      13 |   0.0 |  2109
        Lair:3 |       0 |    5689 |   0.0 |       0 |      22 |   0.0 |  2509
        Lair:4 |       0 |    9366 |   0.0 |       0 |      35 |   0.0 |  2611
        Lair:5 |       0 |    9908 |   0.0 |       0 |      48 |   0.0 |  2285
        Lair:6 |       0 |   10451 |   0.0 |       0 |      36 |   0.0 |  2499
         Orc:1 |       0 |    2243 |   0.0 |       0 |      11 |   0.0 |   904
         Orc:2 |       0 |    4088 |   0.0 |       0 |      23 |   0.0 |   124
       Ossuary |       0 |     325 |   0.0 |       0 |      39 |   0.0 |  1003
         IceCv |       0 |    3470 |   0.0 |       0 |      18 |   0.0 |  1021
               +---------+---------+-------+---------+---------+-------+---------
